 Dungeon Crawl Stone Soup version 0.31-a0-716-gc7603755dd (webtiles) character file.

Game seed: 134261821125109954

9 Essalna the Conjurer (level 2, 19/19 HPs)
             Began as a Demonspawn Conjurer on Sept 10, 2023.
             Got out of the dungeon alive.
             The game lasted 00:00:42 (535 turns).

Essalna the Conjurer (Demonspawn Conjurer)           Turns: 535, Time: 00:00:43

Health: 19/19      AC:  2    Str:  7    XL:     2   Next: 3%
Magic:  3/5        EV: 12    Int: 19    God:
Gold:   41         SH:  0    Dex: 11    Spells: 4/5 levels left

rFire   . . .        d - +0 dagger
rCold   . . .        (no shield)
rNeg    . . .        a - +0 robe
rPois   .            (no helmet)
rElec   .            (no cloak)
rCorr   .            (no gloves)
SInv    .            (no boots)
Will    .....        (no amulet)
Stlth   ++           (no ring)
HPRegen 0.23/turn    (no ring)
MPRegen 0.09/turn

%: no passive effects
@: no status effects
A: claws 1
a: no special abilities


You escaped.
You visited 1 branch of the dungeon, and saw 1 of its levels.

You collected 41 gold pieces.

Inventory:

Hand Weapons
 d - a +0 dagger (weapon)
Armour
 a - a +0 robe (worn)
Scrolls
 e - a scroll of poison {unknown}
 f - a scroll of enchant armour {unknown}
Potions
 b - a potion of magic
 c - a potion of lignification {unknown}


   Skills:
 - Level 1.7 Dodging
 - Level 1.7 Stealth
 + Level 2.3 Spellcasting
 + Level 4.2 Conjurations


You had 4 spell levels left.
You knew the following spells:

 Your Spells              Type           Power      Damage    Failure   Level
a - Magic Dart            Conj           72%        1d6       3%          1

Your spell library contained the following spells:

 Spells                   Type           Power      Damage    Failure   Level
 Searing Ray              Conj           36%        2d5       4%          2
 Dazzling Flash           Conj/Hex       20%        N/A       21%         3
 Fulminant Prism          Conj/Hex       5%         3d7       56%         4
 Iskenderun's Mystic Bla  Conj/Tloc      10%        2d4       56%         4


Dungeon Overview and Level Annotations

Branches:
Dungeon (1/15)

Altars:


Innate Abilities, Weirdness & Mutations

You have sharp fingernails.


Message History

Key pressed, stopping explore.
Key pressed, stopping explore.
Key pressed, stopping explore.
Key pressed, stopping explore.
Found a stone staircase leading down.
You can't see any susceptible monsters within range! (Use Z to cast anyway.)
A hobgoblin comes into view.
The hobgoblin shouts!
The magic dart hits the hobgoblin.
The hobgoblin is severely wounded.
A ball python comes into view.
The magic dart hits the hobgoblin but does no damage.
The hobgoblin is severely wounded.
The ball python hisses angrily.
The magic dart hits the hobgoblin.
You kill the hobgoblin!
You are out of magic!
You are out of magic!
You are out of magic!
Found a robe.
You hit the ball python.
The ball python is heavily wounded.
The ball python barely misses you. x2; The ball python completely misses you.
The ball python closely misses you.
You closely miss the ball python.
The ball python is heavily wounded.
The ball python barely misses you. The ball python closely misses you.
You barely miss the ball python.
The ball python is heavily wounded.
The ball python misses you. The ball python grabs you.
The ball python constricts you.
You hit the ball python.
You kill the ball python!
You have reached level 2!
You feel monstrous as your demonic heritage exerts itself.
Your demonic ancestry asserts itself...
Your fingernails lengthen.
There is an open door here.
There is a staircase leading out of the dungeon here.
You have escaped!

#...#..###.....# #.#
..#.#....#.#.### #.#
..#.###....#.#######.#
..#..................# ###
#........###############.#
##......#.### #.# ###.##
##......##..####'####..##
##......####..'...'..###
######.## ####.@.#### #
#.# ###..'...'..# #
#.###..####'####..#
#.##.### #.# .#
#.#########.#
#...........#
#############


There were no monsters in sight!

Vanquished Creatures
  A ball python (D:1)
  A bat (D:1)
  An endoplasm (D:1)
  2 hobgoblins (D:1)
  A kobold (D:1)
  A rat (D:1)
7 creatures vanquished.

Notes
Turn   | Place    | Note
-------+----------+-------------------------------------------
     0 | D:1      | Essalna the Demonspawn Conjurer began the quest for the
                  | Orb.
     0 | D:1      | Reached XP level 1. HP: 13/13 MP: 3/3
   506 | D:1      | Discovered your monstrous ancestry.
   506 | D:1      | Gained mutation: You have sharp fingernails. [demonic
                  | ancestry]
   506 | D:1      | Reached XP level 2. HP: 19/19 MP: 0/5
   535 | D:$      | Got out of the dungeon alive.

Illustrated notes

Levels and vault maps discovered:
D:1:      dpeg_arrival_radiant, layout_rooms, minmay_misc_feat_tower

Action                     || total
---------------------------++-------
  Melee: Dagger            ||    19
         Unarmed           ||    14
   Cast: Magic Dart        ||    15
 Armour: Robe              ||    29
  Dodge: Dodged            ||    33

Table legend: (Time is in decaauts)
 A = Elapsed time spent in this place.
 B = Non-inter-level travel time spent in this place.
 C = Inter-level travel time spent in this place.
 D = Time resting spent in this place.
 E = Time spent auto-exploring this place.
 F = Levels seen in this place.
 G = Mean time per level.
                   A        B        C        D        E       F      G
               +--------+--------+--------+--------+--------+-----+--------+
         Total |    534 |    506 |     28 |      0 |    405 |   1 |  534.0 |
       Dungeon |    534 |    506 |     28 |      0 |    405 |   1 |  534.0 |
               +--------+--------+--------+--------+--------+-----+--------+

Top non-repeatable levels by time:
     D:1: 534 daAuts
